 Dungeon Crawl Stone Soup version 0.31-a0-845-g9abc20d24f (webtiles) character file.

Game seed: 3709525059357739892

25173 arthad the Thaumaturge (level 12, -3/68 HPs)
             Began as a Deep Elf Earth Elementalist on Oct 1, 2023.
             Was an Elder of Vehumet.
             Slain by a black mamba (15 damage)
             ... on level 2 of the Lair of Beasts.
             The game lasted 00:44:01 (13390 turns).

arthad the Thaumaturge (DEEE)                      Turns: 13390, Time: 00:44:02

Health: -3/68      AC: 10    Str:  5    XL:     12   Next: 87%
Magic:  15/30      EV: 16    Int: 26    God:    Vehumet [****..]
Gold:   899        SH:  0    Dex: 15    Spells: 14/35 levels left

rFire   . . .        a - staff of earth
rCold   . . .        (no shield)
rNeg    . . .        K - +2 robe {Will+}
rPois   .            m - +0 helmet
rElec   .            B - +0 cloak
rCorr   +            (no gloves)
SInv    .            (no boots)
Will    ++...        w - amulet of magic regeneration
Stlth   ++           u - ring of resist corrosion
HPRegen 0.31/turn    S - +4 ring of protection
MPRegen 0.62/turn

%: no passive effects
@: confused, brilliant, lethally poisoned (-3 -> -6), ambrosia-drunk, on berserk
cooldown, slowed, very slow
A: no striking features
a: Renounce Religion


You were on level 2 of the Lair of Beasts.
You worshipped Vehumet.
Vehumet was greatly pleased with you.
You visited 3 branches of the dungeon, and saw 16 of its levels.

You collected 1106 gold pieces.
You spent 207 gold pieces at shops.

Inventory:

Hand Weapons
 v - a +0 broad axe
 z - the +9 dagger "Trog's Indignation" {pain, Will+ Int-4 Dex+8}
   (You found it on level 4 of the Dungeon)

   Int-4:     It affects your intelligence (-4).
   Dex+8:     It affects your dexterity (+8).
   Will+:     It increases your willpower.
 G - the +7 quarterstaff of Enit {holy, rC+ Dex+3}
   (You bought it in a shop on level 6 of the Dungeon)

   Dex+3:     It affects your dexterity (+3).
   rC+:       It protects you from cold.
 J - a +3 scimitar of flaming
 U - the +10 mace "Arcanum" {elec, rC+ Will+ Int+3}
   (You found it on level 1 of the Lair of Beasts)

   Int+3:     It affects your intelligence (+3).
   rC+:       It protects you from cold.
   Will+:     It increases your willpower.
Missiles
 d - 8 boomerangs
 e - 5 atropa-tipped darts
 r - 25 poisoned darts
 X - 2 javelins
Armour
 m - a +0 helmet (worn)
 B - a +0 cloak (worn)
 K - a +2 robe of willpower (worn)
 N - a +6 chain mail of ponderousness
Magical Staves
 a - a staff of earth (weapon)
 y - a staff of death
 L - a staff of fire
Jewellery
 k - a +6 ring of dexterity
 u - a ring of resist corrosion (left hand)
 w - an amulet of magic regeneration (around neck)
 S - a +4 ring of protection (right hand)
 T - the ring "Verat" {Ice rElec rPois SInv}
   (You found it on level 9 of the Dungeon)

   [ring of ice]

   Ice:       It enhances your ice magic.
   rF-:       It makes you vulnerable to fire.
   rC+:       It protects you from cold.
   rElec:     It insulates you from electricity.
   rPois:     It protects you from poison SInv: It lets you see invisible.
Wands
 g - a wand of mindburst (15)
 A - a wand of charming (1)
 E - a wand of polymorph (15)
 I - a wand of flame (42)
 V - a wand of digging (3)
 W - a wand of light (1)
 Y - a wand of iceblast (5)
Scrolls
 c - 2 scrolls of enchant weapon
 f - a scroll of vulnerability
 h - a scroll of amnesia {unknown}
 i - 4 scrolls of enchant armour
 l - 5 scrolls of teleportation
 o - 3 scrolls of poison {unknown}
 q - 2 scrolls of brand weapon {unknown}
 s - 5 scrolls of fog
 t - 2 scrolls of torment {unknown}
 x - 3 scrolls of identify
 C - 3 scrolls of noise {unknown}
 D - 2 scrolls of revelation {unknown}
 F - a scroll of fear {unknown}
Potions
 b - 2 potions of magic
 j - a potion of cancellation
 p - 2 potions of might
 M - 3 potions of degeneration
 P - a potion of berserk rage
 Q - a potion of ambrosia
 R - 2 potions of mutation
 Z - a potion of attraction


   Skills:
 + Level 5.3 Fighting
 + Level 5.3 Armour
 + Level 8.4 Dodging
 + Level 9.2 Stealth
 * Level 12.1 Spellcasting
 * Level 9.8 Conjurations
 + Level 6.7 Hexes
 + Level 7.1 Transmutations
 * Level 10.4 Earth Magic


You had 14 spell levels left.
You knew the following spells:

 Your Spells              Type           Power      Damage    Failure   Level
a - Sandblast             Erth           100%       2d20      1%          1
b - Stone Arrow           Conj/Erth      100%       3d13      1%          3
c - Brom's Barrelling Bo  Conj/Erth      100%       2d11      1%          4
d - Petrify               Tmut/Erth      95%        N/A       1%          4
e - Yara's Violent Unrav  Hex/Tmut       33%        3d14      1%          5
f - Fulminant Prism       Conj/Hex       36%        3d17      1%          4

Your spell library contained the following spells:

 Spells                   Type           Power      Damage    Failure   Level
 Olgreb's Toxic Radiance  Pois           23%        N/A       11%         4
 Passwall                 Tmut/Erth      79%        N/A       1%          2
 Dazzling Flash           Conj/Hex       100%       N/A       1%          3
 Inner Flame              Hex/Fire       50%        N/A       1%          3
 Summon Guardian Golem    Hex/Summ       50%        N/A       2%          3
 Summon Small Mammal      Summ           92%        N/A       3%          1
 Arcjolt                  Conj/Air       29%        1d39      4%          5
 Fireball                 Conj/Fire      29%        3d13      4%          5
 Lesser Beckoning         Tloc           46%        N/A       5%          2
 Anguish                  Hex/Necr       25%        N/A       9%          4
 Call Canine Familiar     Summ           23%        N/A       11%         3
 Gell's Gravitas          Tloc           23%        N/A       11%         3
 Teleport Other           Tloc           23%        N/A       11%         3
 Silence                  Hex/Air        25%        N/A       26%         5
 Vhi's Electric Charge    Tloc/Air       46%        N/A       36%         4
 Agony                    Necr           23%        N/A       71%         5
 Enfeeble                 Hex            33%        N/A       89%         7
 Maxwell's Capacitive Co  Air            11%        ∞         100%        8


Dungeon Overview and Level Annotations

Branches:
Dungeon (13/15)            Temple (1/1) D:6            Lair (2/5) D:9
  Swamp (0/4) Lair:2          Orc (0/2) D:11
  Snake: Lair:2-3    Spider: Lair:2-3    Vaults: D:13-14

Altars:
Ashenzari
Cheibriados
Dithmenos
Elyvilon
Fedhas
Gozag
Hepliaklqana
Kikubaaqudgha
Makhleb
Nemelex Xobeh
Okawaru
Qazlal
Ru
Sif Muna
Trog
Uskayaw
Vehumet
Wu Jian
Xom
Yredelemnul
Zin
The Shining One
Jiyva

Shops:
D:6 ((   D:7 *   D:9 *:

Annotations:
D:2 1 runed translucent door, Crazy Yiuf
D:6 1 runed translucent door, 2 transporters, garrulousMonolith's ghost, novice GrFi
D:10 3 runed translucent doors, Sundig's ghost, novice DgFi
Lair:1 Gastronok; Harold


Message History

Casting: Sandblast (safe; 1% risk of failure)
Confirm with . or Enter, or press ? or * to list all spells.
Okay, then.
The blink frog blinks!
The black mamba bites you.
You are lethally poisoned!
The black mamba poisons you!
* * * LOW HITPOINT WARNING * * *
You feel very sick.
The boulder beetle leaps!
The black mamba bites you but does no damage.
Unknown command.
Okay, then.
Blink to where?
Press: ? - help, Dir - move target, p - black mamba
As you read the scroll of blinking, it crumbles to dust.
* * * LOW HITPOINT WARNING * * *
You feel very sick.
It was a potion of brilliance.
You feel clever all of a sudden.
* * * LOW HITPOINT WARNING * * *
You feel very sick.
It was a potion of berserk rage.
A red film seems to cover your vision as you go berserk!
You feel yourself moving faster!
You feel mighty!
You feel sick.
You are too berserk!
You feel a strong urge to attack something.
You feel sick.
You feel sick.
You feel your anger nearly subside.
You feel sick.
You are no longer berserk.
You are exhausted.
You feel yourself slow down.
* * * LOW HITPOINT WARNING * * *
You feel sick.
It was a potion of ambrosia.
You are confused.
You feel invigorated.
You feel sick. The black mamba completely misses you.
The black mamba bites you!
You die...

.....................#
.........>..^.....#..#
P....###..##.##P..##.#...
#.....###....P##.....#....
..............#P..#..#....#
#....#P.......#..#...##....# #
..............##.##...##....# .
P..............#.......###...###.
#.....#.......##@##......# #....#
.....##...###.#.S###.###.####h..§
.........#######.h##..#..#...####
......................h..........
.#.##..#)##.#.....###P#.P.###..##
################### ####### ###


You could see a black mamba and a wolf.

Vanquished Creatures
  A boulder beetle (D:10)
  Erica (D:8)
  A spectral catoblepas (Lair:2)
  A skyshark (Lair:2)
  4 deep elf pyromancers
  Pikel (D:8)
  A spectral hydra (Lair:2)
  A spectral boulder beetle (Lair:2)
  A manticore (D:13)
  A cyclops (D:12)
  2 black mambas
  2 komodo dragons
  An unseen horror (D:11)
  5 cane toads
  An efreet (D:11)
  A spectral skyshark (Lair:2)
  4 trolls
  Prince Ribbit (D:8)
  8 blink frogs
  A slime creature (D:13)
  A centaur simulacrum (D:11)
  2 shadows
  6 wyverns
  38 yaks
  2 steam dragons
  4 vampire mosquitoes (D:11)
  2 spectral cane toads (Lair:2)
  3 acid dragons
  5 water moccasins
  6 orc warriors
  2 sky beasts
  A black bear (D:6)
  An ice beast (D:6)
  6 wolves (Lair:1)
  2 ogres
  4 centaurs
  A phantom (D:5)
  A kobold brigand (D:10)
  3 bullfrogs
  4 scorpions
  15 wights
  3 killer bees (D:10)
  An electric eel (D:12)
  5 howler monkeys
  4 hounds
  3 orc priests
  A gnoll bouda (D:8)
  A jelly (D:7)
  A sleepcap (D:5)
  Jessica (D:2)
  2 iguanas (D:6)
  16 orc wizards
  Robin (D:2)
  3 gnolls (D:8)
  8 adders
  A shadow imp (D:6)
  2 white imps
  5 worms
  2 dart slugs
  45 orcs
  7 endoplasms
  7 giant cockroaches
  17 goblins
  6 hobgoblins
  3 quokkas
  4 ball pythons
  7 bats
  4 frilled lizards
  11 kobolds
  8 rats
327 creatures vanquished.

Vanquished Creatures (others)
  A hell rat (Lair:2)
1 creature vanquished.

Grand Total: 328 creatures vanquished

Notes
Turn   | Place    | Note
-------+----------+-------------------------------------------
     0 | D:1      | arthad the Deep Elf Earth Elementalist began the quest for
                  | the Orb.
     0 | D:1      | Reached XP level 1. HP: 10/10 MP: 6/6
   117 | D:1      | Reached XP level 2. HP: 15/15 MP: 6/8
   540 | D:1      | Reached XP level 3. HP: 19/19 MP: 7/9
   544 | D:1      | Learned a level 3 spell: Stone Arrow
   785 | D:2      | Noticed Jessica
   790 | D:2      | Killed Jessica
   900 | D:2      | Reached XP level 4. HP: 24/24 MP: 8/11
  1000 | D:2      | Noticed Robin
  1007 | D:2      | Killed Robin
  1008 | D:2      | Reached skill level 1 in Conjurations
  1693 | D:2      | Found a runed translucent door.
  1694 | D:2      | Noticed Crazy Yiuf
  2151 | D:3      | Reached XP level 5. HP: 28/28 MP: 10/12
  2244 | D:3      | Found a faded altar of an unknown god.
  2356 | D:3      | Found a hide-covered altar of Uskayaw.
  2473 | D:4      | Identified the +9 dagger "Trog's Indignation" {pain, Will+
                  | Int-4 Dex+8}
  2482 | D:4      | Reached skill level 1 in Armour
  2482 | D:4      | Reached skill level 4 in Spellcasting
  2737 | D:4      | Reached XP level 6. HP: 26/33 MP: 12/14
  2824 | D:4      | Reached skill level 1 in Fighting
  3178 | D:5      | Entered Level 5 of the Dungeon
  3456 | D:5      | Reached XP level 7. HP: 24/38 MP: 13/16
  3660 | D:5      | Learned a level 4 spell: Brom's Barrelling Boulder
  3665 | D:5      | Learned a level 4 spell: Petrify
  3701 | D:5      | Reached skill level 5 in Spellcasting
  3929 | D:5      | Reached skill level 5 in Earth Magic
  4213 | D:6      | Noticed garrulousMonolith's ghost (novice GrFi)
  4213 | D:6      | Found a runed translucent door.
  4216 | D:6      | Noticed a steam dragon
  4247 | D:6      | Killed a steam dragon
  4248 | D:6      | Reached XP level 8. HP: 19/44 MP: 7/18
  4382 | D:6      | Found Xoic Wyg's Antique Weapon Shoppe.
  4382 | D:6      | Found Ihos's Weapon Shop.
  4413 | D:6      | Found a transporter.
  4498 | D:6      | Reached skill level 6 in Spellcasting
  4534 | D:6      | Found a transporter.
  4613 | D:6      | Found a staircase to the Ecumenical Temple.
  4632 | Temple   | Entered the Ecumenical Temple
  4650 | Temple   | Became a worshipper of Vehumet
  4948 | D:6      | Bought an ancient quarterstaff for 207 gold pieces
  4948 | D:6      | Identified the +7 quarterstaff of Enit {holy, rC+ Dex+3}
                  | (You bought it in a shop on level 6 of the Dungeon)
  5006 | D:7      | Reached skill level 5 in Stealth
  5182 | D:7      | You fall into a shaft and drop 1 floor!
  5207 | D:8      | Noticed Pikel
  5211 | D:8      | Killed Pikel
  5212 | D:8      | Reached skill level 5 in Dodging
  5212 | D:8      | Reached skill level 7 in Spellcasting
  5212 | D:8      | Reached skill level 5 in Conjurations
  5234 | D:8      | Found a broken altar of Ashenzari.
  5254 | D:8      | Noticed Prince Ribbit
  5259 | D:8      | Killed Prince Ribbit
  5260 | D:8      | Reached XP level 9. HP: 49/49 MP: 13/21
  5279 | D:8      | Noticed Erica
  5284 | D:8      | Killed Erica
  5285 | D:8      | Reached skill level 1 in Hexes
  5563 | D:7      | Found an ornate altar of the Wu Jian Council.
  5829 | D:7      | Found Hizuar's Profane Products.
  6089 | D:7      | Reached skill level 8 in Spellcasting
  6605 | D:9      | Reached XP level 10. HP: 50/56 MP: 13/24
  6634 | D:9      | Reached * piety under Vehumet
  6634 | D:9      | Offered knowledge of Magic Dart by Vehumet.
  6854 | D:9      | Identified the ring "Verat" {Ice rElec rPois SInv}
  6937 | D:9      | Found Hyn Xiff's CLEARANCE SALE!.
  6965 | D:9      | Found Cehaczao's Book Shop.
  7036 | D:9      | Reached skill level 5 in Transmutations
  7119 | D:9      | Found a staircase to the Lair.
  7392 | D:10     | Entered Level 10 of the Dungeon
  7412 | D:10     | Found a white marble altar of Elyvilon.
  7692 | D:10     | Reached skill level 9 in Spellcasting
  7698 | D:10     | Reached ** piety under Vehumet
  7699 | D:10     | Offered knowledge of Scorch by Vehumet.
  7808 | D:10     | Found a runed translucent gate.
  7810 | D:10     | Found a runed translucent gate.
  7821 | D:10     | Found a runed translucent gate.
  7821 | D:10     | Noticed Sundig's ghost (novice DgFi)
  7926 | D:10     | Noticed a great orb of eyes
  7927 | D:10     | Found a viscous altar of Jiyva.
  8111 | D:11     | Noticed a boulder beetle
  8128 | D:10     | Killed a boulder beetle
  8626 | D:11     | Reached XP level 11. HP: 61/61 MP: 7/26
  8815 | D:11     | Offered knowledge of Volatile Blastmotes by Vehumet.
  9065 | D:11     | Found a staircase to the Orcish Mines.
  9301 | D:11     | Reached skill level 10 in Spellcasting
  9377 | D:11     | Reached *** piety under Vehumet
  9443 | D:11     | Learned a level 5 spell: Yara's Violent Unravelling
  9522 | D:12     | Noticed a deep elf pyromancer
  9553 | D:12     | Killed a deep elf pyromancer
  9720 | D:12     | Noticed a deep elf pyromancer
  9721 | D:12     | Noticed a deep elf pyromancer
  9910 | D:12     | Reached skill level 5 in Hexes
 10300 | D:12     | Killed a deep elf pyromancer
 10300 | D:12     | Offered knowledge of Mephitic Cloud by Vehumet.
 10309 | D:12     | Killed a deep elf pyromancer
 10637 | D:13     | Noticed a skeletal warrior
 10637 | D:13     | Noticed a skeletal warrior
 10653 | D:13     | Noticed a deep elf pyromancer
 10658 | D:13     | Killed a deep elf pyromancer
 10736 | D:13     | Noticed a centaur warrior
 10987 | Lair:1   | Entered Level 1 of the Lair of Beasts
 11025 | Lair:1   | Noticed Gastronok
 11027 | Lair:1   | Noticed Harold
 11227 | Lair:1   | Reached skill level 11 in Spellcasting
 11227 | Lair:1   | Reached XP level 12. HP: 67/67 MP: 21/29
 11392 | Lair:1   | Reached **** piety under Vehumet
 11878 | Lair:1   | Offered knowledge of Olgreb's Toxic Radiance by Vehumet.
 12176 | Lair:1   | Identified the +10 mace "Arcanum" {elec, rC+ Will+ Int+3}
 12472 | Lair:2   | Reached skill level 5 in Fighting
 12472 | Lair:2   | Reached skill level 5 in Armour
 12478 | Lair:2   | Got a conspicuous book
 12488 | Lair:2   | Learned a level 4 spell: Fulminant Prism
 12588 | Lair:2   | Reached skill level 10 in Earth Magic
 13140 | Lair:2   | Reached skill level 12 in Spellcasting
 13162 | Lair:2   | Found a staircase to the Swamp.
 13162 | Lair:2   | Noticed a ghost crab
 13358 | Lair:2   | Noticed a boulder beetle
 13390 | Lair:2   | Slain by a black mamba

Illustrated notes

Levels and vault maps discovered:
D:1:      scummos_arrival_star, layout_rooms, chequers_serial_rivers_micro_c,
          amethyst_killhole
D:2:      layout_loops_ring, hex_medium, kennysheep_generic_room_8, uniq_robin,
          uniq_jessica, uniq_crazy_yiuf_cottage
D:3:      layout_rooms, nicolae_uskayaw_suspiria,
          shapermc_ecumenical_altar_starsandcircs
D:4:      wad_lake_hut, layout_basic, chequers_garden,
          kennysheep_cross_bottleneck
D:5:      layout_loops_corners
D:6:      gammafunk_cloud_chamber, layout_cave_pools, temple_fountains,
          hellmonk_ghost_happy_afterlife, nicolae_wooded_promenade
D:7:      layout_loops_ring, mainiacjoe_overflow_catwalk, nicolae_evil_shop
D:8:      layout_gridville, general_overflow_altar, uniq_prince_ribbit1,
          uniq_pikel, uniq_erica
D:9:      layout_irregular_city, lair_entry_dummy, serial_shops, shop,
          nicolae_shop_clearance
D:10:     layout_small_grid, elyvilon_altar_4, gammafunk_ghost_ooze
D:11:     layout_rooms, david_orc_4, grunt_ministairs_14,
          dreamdust_wishing_well, lemuel_flamethrower_hall
D:12:     layout_irregular_city, minivault_4, minmay_misc_feat_alley
D:13:     layout_irregular_city
Temple:   mainiacjoe_temple_bowtie_tessellation
Lair:1:   layout_layer_cave, uniq_harold, uniq_gastronok
Lair:2:   layout_regular_city, nicolae_swamp_entry_spooky, nzn_random_ring,
          serial_bayou_shore_a

Skill      XL: |  1  2  3  4  5  6  7  8  9 10 11 12 |
---------------+-------------------------------------+-----
Stealth        | 3 4 5 6 7 8 9 |  9.2
Dodging        | 3 4 5 6 7 8 |  8.4
Transmutations | 2 3 4 5 6 7 |  7.1
Conjurations   | 1 2 3 5 6 7 8 9 |  9.8
Earth Magic    | 4 5 6 7 8 9 10 | 10.4
Armour         | 1 2 3 4 5 |  5.3
Spellcasting   | 4 5 7 8 9 11 12 | 12.1
Fighting       | 1 2 3 4 5 |  5.3
Hexes          | 2 4 5 6 |  6.7

Action                     |  1- 3 |  4- 6 |  7- 9 | 10-12 || total
---------------------------+-------+-------+-------+-------++-------
  Melee: Unarmed           |     5 |       |       |       ||     5
         Club              |       |    13 |       |       ||    13
         Staff             |       |       |       |     1 ||     1
   Cast: Sandblast         |    48 |   116 |    29 |    40 ||   233
         Stone Arrow       |       |       |    84 |   357 ||   441
         Brom's Barrelling |       |       |       |     1 ||     1
         Petrify           |       |       |       |     3 ||     3
  Evoke: Wand              |       |       |       |     9 ||     9
    Use: Potion            |       |       |     1 |    12 ||    13
         Scroll            |       |       |       |    16 ||    16
 Armour: Robe              |    12 |    27 |    28 |   118 ||   185
         Skin              |       |       |       |     2 ||     2
  Dodge: Dodged            |    29 |    24 |    17 |   109 ||   179

Table legend: (Time is in decaauts)
 A = Elapsed time spent in this place.
 B = Non-inter-level travel time spent in this place.
 C = Inter-level travel time spent in this place.
 D = Time resting spent in this place.
 E = Time spent auto-exploring this place.
 F = Levels seen in this place.
 G = Mean time per level.
                   A        B        C        D        E       F      G
               +--------+--------+--------+--------+--------+-----+--------+
         Total |  13569 |  13080 |    489 |   1357 |   9226 |  16 |  848.1 |
       Dungeon |  11127 |  10700 |    427 |    823 |   7965 |  13 |  855.9 |
        Temple |     35 |      3 |     32 |      0 |      0 |   1 |   35.0 |
          Lair |   2406 |   2376 |     30 |    534 |   1261 |   2 | 1203.0 |
               +--------+--------+--------+--------+--------+-----+--------+

Top non-repeatable levels by time:
  Lair:1: 1470 daAuts
    D:12: 1209 daAuts
    D:10: 1103 daAuts
     D:2: 1092 daAuts
     D:5: 1055 daAuts
    D:11: 1017 daAuts
  Lair:2: 935 daAuts
     D:9: 899 daAuts
     D:7: 850 daAuts
     D:4: 845 daAuts
     D:6: 737 daAuts
     D:1: 700 daAuts
     D:8: 694 daAuts
     D:3: 664 daAuts
    D:13: 256 daAuts
